 Dungeon Crawl Stone Soup version 0.26-a0-1126-g3318b609a0 (webtiles) character file.

Game seed: 7254960140164308734

21 Dracia the Magician (level 2, -4/19 HPs)
             Began as a Demonspawn Hedge Wizard on Dec 17, 2020.
             Slain by a gnoll
             ... wielding a +0 spear
              (5 damage)
             ... on level 2 of the Dungeon.
             The game lasted 00:01:37 (1647 turns).

Dracia the Magician (Demonspawn Hedge Wizard)       Turns: 1647, Time: 00:01:38

Health: -4/19      AC:  5    Str: 10    XL:     2   Next: 65%
Magic:  1/6        EV: 11    Int: 15    God:
Gold:   46         SH:  0    Dex: 12    Spells: 4/7 levels left

rFire    + . .     SeeInvis .   a - +0 dagger
rCold    . . .     Faith    .   (no shield)
rNeg     . . .     Spirit   .   d - +0 ring mail
rPois    .         Reflect  .   c - +0 hat
rElec    .         Harm     .   (no cloak)
rCorr    .         Rampage  .   (no gloves)
Will     .....                  (no boots)
Stlth    +.........             (no amulet)
HPRegen  0.06/turn              (no ring)
MPRegen  0.10/turn              (no ring)

@: lethally poisoned (-4 -> -11), very slightly contaminated
A: fire resistance 1
a: no special abilities


You were on level 2 of the Dungeon.
You visited 1 branch of the dungeon, and saw 2 of its levels.

You collected 46 gold pieces.


Innate Abilities, Weirdness & Mutations

Your flesh is heat resistant. (rF+)


   Skills:
 + Level 3.0 Dodging
 - Level 1.7 Stealth
 - Level 3.0 Spellcasting
 - Level 1.0 Conjurations
 - Level 1.0 Summonings
 - Level 0.8 Translocations


You had 4 spell levels left.
You knew the following spells:

 Your Spells              Type           Power        Failure   Level
z - Magic Dart            Conj           20%          34%         1
I - Blink                 Tloc           N/A          50%         2

Your spell library contained the following spells:

 Spells                   Type           Power        Failure   Level
 Call Imp                 Summ           5%           45%         2
 Slow                     Hex            2%           61%         2
 Conjure Flame            Conj/Fire      3%           77%         3
 Mephitic Cloud           Conj/Pois/Air  3%           80%         3

Inventory:

Hand Weapons
 a - a +0 dagger (weapon)
Armour
 b - a +0 robe
 c - a +0 hat (worn)
 d - a +0 ring mail (worn)
Scrolls
 e - a scroll of identify {@r1@r1}
 g - a scroll of noise {unknown}
 j - a scroll of magic mapping {unknown}
 k - a scroll of remove curse {unknown}
 l - a scroll of teleportation {unknown}
Potions
 f - a potion of curing {unknown}
 h - a potion of mutation {unknown}
 i - a potion of haste {unknown}

Dungeon Overview and Level Annotations

Branches:
Dungeon (2/15)

Altars:

... .... #.♣ ...
♣P♣♣♣.. ♣♣.♣♣..
♣...♣.## ♣P.P♣.. .
♣♣.♣♣.# .).
.########♣.♣#.#.....
..........@Sg.g......
.####P..#####........
.........# ###......
.####....# ......
####.# .....? #.#
..... #.# ..... #.#
#.#


You could see 2 gnolls and an adder.


Message History

The adder is almost dead.
The adder misses you.
You miss the adder.
The adder is almost dead.
A gnoll comes into view. It is wielding a +0 spear.
The adder closely misses you.
The gnoll hits you from afar with a +0 spear!
Ouch! That really hurt!
* * * LOW HITPOINT WARNING * * *
You miss the adder.
The adder is almost dead.
The adder barely misses you. The adder bites you.
* * * LOW HITPOINT WARNING * * *
You are lethally poisoned!
The adder poisons you!
The gnoll hits you from afar with a +0 spear.
* * * LOW HITPOINT WARNING * * *
You barely miss the adder.
The adder is almost dead.
* * * LOW HITPOINT WARNING * * *
You feel sick.
The gnoll shouts!
You hear a shout!
The adder barely misses you.
The gnoll hits you from afar with a +0 spear.
* * * LOW HITPOINT WARNING * * *
You hit the adder but do no damage.
The adder is almost dead.
The adder closely misses you.
The gnoll hits you from afar with a +0 spear.
You die...

Skill      XL: |  1  2 |
---------------+-------+-----
Dodging        | 2 3 |  3.0
Stealth        | |  1.7
Spellcasting   | |  3.0
Conjurations   | |  1.0
Summonings     | |  1.0
Translocations | |  0.8

Action                   || total
-------------------------++-------
Melee: Dagger            ||    70
 Cast: Magic Dart        ||    27
  Use: Scroll            ||     1
Armor: Ring mail         ||    38
       Robe              ||     6
Dodge: Dodged            ||    76

Levels and vault maps discovered:
D:1:      co_arrival_square_in_a_square_in_a_square, layout_basic,
          roderic_lattice_a
D:2:      layout_basic, elyvilon_altar_4, serial_forest,
          infiniplex_forest_lined_ring, infiniplex_forest_clump_tiny,
          infiniplex_forest_lined_corner, infiniplex_forest_zigzag_2,
          infiniplex_forest_end_1, infiniplex_forest_straight_3,
          dk_noncrumbling_4, bh_walls_and_bars

Notes
Turn   | Place    | Note
-------+----------+-------------------------------------------
     0 | D:1      | Dracia the Demonspawn Hedge Wizard began the quest for the
                  | Orb.
     0 | D:1      | Reached XP level 1. HP: 13/13 MP: 4/4
    55 | D:1      | Reached skill level 2 in Dodging
   362 | D:1      | Gained mutation: Your flesh is heat resistant. (rF+)
                  | [demonic ancestry]
   362 | D:1      | Reached XP level 2. HP: 3/19 MP: 0/6
   365 | D:1      | HP: 1/19 [jackal (2)]
  1220 | D:1      | Reached skill level 3 in Dodging
  1585 | D:1      | Learned a level 2 spell: Blink
  1646 | D:2      | HP: 1/19 [gnoll/+0 spear (1)]
  1647 | D:2      | Slain by a gnoll

Vanquished Creatures
  2 leopard geckos (D:1)
  A giant cockroach (D:1)
  3 hobgoblins (D:1)
  4 jackals (D:1)
  A kobold (D:1)
  3 bats (D:1)
  2 goblins (D:1)
  A rat (D:1)
17 creatures vanquished.

Table legend: (Time is in decaauts)
 A = Elapsed time spent in this place.
 B = Non-inter-level travel time spent in this place.
 C = Inter-level travel time spent in this place.
 D = Time resting spent in this place.
 E = Time spent auto-exploring this place.
 F = Levels seen in this place.
 G = Mean time per level.
                   A        B        C        D        E       F      G
               +--------+--------+--------+--------+--------+-----+--------+
         Total |   1646 |   1608 |     38 |    400 |   1024 |   2 |  823.0 |
       Dungeon |   1646 |   1608 |     38 |    400 |   1024 |   2 |  823.0 |
               +--------+--------+--------+--------+--------+-----+--------+

Top non-repeatable levels by time:
     D:1: 1608 daAuts
     D:2: 38 daAuts

Table legend:
 A = Non-vault XP
 B = Vault XP
 C = Vault XP percentage of total XP
 D = Non-vault monster count
 E = Vault monster count
 F = Vault count percentage of total count
                 A         B        C        D         E       F
            +---------+---------+-------+---------+---------+-------
      Total |      31 |       0 |   0.0 |      17 |       0 |   0.0
            +---------+---------+-------+---------+---------+-------
        D:1 |      31 |       0 |   0.0 |      17 |       0 |   0.0
            +---------+---------+-------+---------+---------+-------
